 Dungeon Sprint DCSS version 0.24-a0-250-g6074511092 (webtiles) character file.

Game seed: 17654838798854081746

10700000 Redear the Conqueror (level 27, -8/249 HPs)
             Began as a Demonspawn Warper on Apr 15, 2019.
             Was the Champion of Makhleb.
             Killed by divine providence
             ... invoked by an accursed
              (10 damage)
             ... in the Dungeon (Sprint VIII: "Arena of Blood").
             The game lasted 00:03:05 (107 turns).

Redear the Conqueror (Demonspawn Warper)             Turns: 107, Time: 00:03:06

Health: -8/249     AC: 12    Str: 21    XL:     27
Magic:  54/54      EV: 43    Int: 14    God:    Makhleb [******]
Gold:   0          SH:  0    Dex: 27    Spells: 80/80 levels left

rFire    . . .     SeeInvis +   c - +∞ Axe of Woe
rCold    + . .     Gourm    .   (shield currently unavailable)
rNeg     + . .     Faith    .   b - +0 leather armour
rPois    .         Spirit   .   (helmet unavailable)
rElec    .         Reflect  .   (no cloak)
rCorr    .         Harm     .   (no gloves)
MR       ++...     NoTele   +   (no boots)
Stlth    ++++++++++             (no amulet)
HPRegen  0.51/turn              (no ring)
MPRegen  0.34/turn              (no ring)

@: mighty, agile
A: antennae 3, iridescent scales 3, cold resistance 1, icemail, negative energy
resistance 1, powered by pain 3, 50% torment resistance, black mark, freezing
cloud immunity
a: Minor Destruction, Lesser Servant of Makhleb, Major Destruction, Greater
Servant of Makhleb, Renounce Religion


You were in the Dungeon.
You worshipped Makhleb.
Makhleb was exalted by your worship.
You were not hungry.

You visited 1 branch

Inventory:

Hand Weapons
 a - a +0 hand axe
 c - the +∞ Axe of Woe (weapon)
   (You found it in the Dungeon)
Missiles
 e - 5 tomahawks of dispersal (quivered)
Armour
 b - a +0 leather armour (worn)
Scrolls
 B - 2 scrolls of blinking
Potions
 h - a potion of heal wounds {@q1}
 j - 2 potions of magic
 k - a potion of berserk rage
 H - a potion of haste {@q5}
Comestibles
 z - a ration


   Skills:
 O Level 27 Fighting
 O Level 27 Axes
 O Level 27 Throwing
 O Level 27 Armour
 O Level 27 Dodging
 O Level 27 Stealth
 O Level 27 Unarmed Combat
 O Level 27 Spellcasting
   Level 2.6 Translocations
 O Level 27 Invocations


You had 80 spell levels left.
You didn't know any spells.
Your spell library contained the following spells:

 Spells                   Type           Power        Failure   Level  Hunger
 Blink                    Tloc           N/A          1%          2    None
 Shroud of Golubria       Chrm/Tloc      ###.......   1%          2    None
 Gell's Gravitas          Tloc           ####......   1%          3    None
 Lesser Beckoning         Tloc           ####......   1%          3    None
 Teleport Other           Tloc           ####....     1%          3    None
 Passage of Golubria      Tloc           N/A          6%          4    None


Dungeon Overview and Level Annotations

Branches:
Dungeon (1/1)

Altars:
Makhleb


Innate Abilities, Weirdness & Mutations

You have a pair of large antennae on your head. (SInv)
You are completely covered in iridescent scales. (AC +6)
Your flesh is cold resistant. (rC+)
A meltable icy envelope protects you from harm. (AC +0)
You resist negative energy. (rN+)
You are powered by pain.
You are somewhat able to resist unholy torments (1 in 2 success).
Your melee attacks may debilitate your foes.
You are immune to freezing clouds.


Message History

The scourge throws poison arrow at you. The poison arrow hits you!!
You are more poisoned.
* * * LOW HITPOINT WARNING * * *
You hear a shout! x3
You take 116 damage, and have 36/249 hp.
MASSIVE DAMAGE!!
You feel better.
You hear a shout!
A bag of meat comes into view. It is wielding a +9 war axe.
The bag of meat is engulfed in blazing flames.
You hear a shout! x4
The scourge breathes poison at you. The blast of poison misses you.
The dread throws damnation at you.
The sphere of damnation explodes!
The damnation engulfs you!!!
* * * LOW HITPOINT WARNING * * *
The accursed points at you and mumbles some strange words.
Something smites you!
You die...

####.......
#...........#. ..
#..%.........#....
#....SM......#.....
#...☼...###.%.#.%..
#...☼z###......#...
#☼.○)#..ML.M..%.%.%
#§§§.G.)W#).%......
#☼@☼o§§M))#.....%..
#☼☼§§o).†))).#.%...
#%○§§O☼)))#)))))%##
#.O..#.W..))))))%..
#....##...))))#))))
#.....#..%.)#))W)))
#=%....###..)...)).
#.o.%.##..O.#%.....
#....#.%.....%#..%.


You could see 3 accurseds, a tyrant, an observer (invisible), a scourge, a
sculptor of flesh, a large bag of meat (inner flame), a wretched soul
(invisible), a dread, a meat berserker (berserk) and 3 bags of meat.

Vanquished Creatures
  10 hell beasts (D)
  4 greater mummies (D)
  A wraith (D)
  15 vampire knights (D)
  40 ogres (D)
  9 two-headed ogres (D)
  8 liches (D)
  3 hydras (D)
  73 orcs (D)
  2 phantoms (D)
  9 skeletal warriors (D)
  9 large abominations (D)
  9 small abominations (D)
  10 crawling corpses (D)
202 creatures vanquished.

Vanquished Creatures (others)
  6 crawling corpses (D)
6 creatures vanquished.

Grand Total: 208 creatures vanquished

Notes
Turn   | Place    | Note
-------+----------+-------------------------------------------
     0 | D        | Found the +∞ Axe of Woe
     0 | D        | Redear the Demonspawn Warper began the quest for the Orb.
     0 | D        | Reached XP level 1. HP: 16/16 MP: 3/3
     4 | D        | Became a worshipper of Makhleb the Destroyer
     5 | D        | Noticed a meat berserker
     6 | D        | Noticed a bag of meat
     6 | D        | Noticed a bag of meat
     6 | D        | Noticed a bag of meat
     6 | D        | Noticed a bag of meat
     6 | D        | Noticed a meat berserker
     6 | D        | Noticed a meat berserker
     6 | D        | Noticed a bag of meat
     7 | D        | Noticed a bag of meat
     8 | D        | Killed a meat berserker
     8 | D        | Reached skill level 13 in Fighting
     8 | D        | Reached skill level 12 in Axes
     8 | D        | Reached skill level 12 in Throwing
     8 | D        | Reached skill level 12 in Armour
     8 | D        | Reached skill level 12 in Dodging
     8 | D        | Reached skill level 12 in Unarmed Combat
     8 | D        | Reached skill level 12 in Spellcasting
     8 | D        | Gained mutation: Your flesh is cold resistant. (rC+)
                  | [demonic ancestry]
     8 | D        | Reached XP level 2. HP: 40/40 MP: 3/15
     8 | D        | Reached XP level 3. HP: 46/46 MP: 3/16
     8 | D        | Reached XP level 4. HP: 53/53 MP: 3/18
     8 | D        | Reached XP level 5. HP: 59/59 MP: 3/19
     8 | D        | Reached XP level 6. HP: 66/66 MP: 3/21
     8 | D        | Gained mutation: You have a pair of small antennae on your
                  | head. [demonic ancestry]
     8 | D        | Reached XP level 7. HP: 72/72 MP: 3/22
     8 | D        | Reached XP level 8. HP: 79/79 MP: 3/24
     8 | D        | Gained mutation: You sometimes gain a little power by
                  | taking damage. [demonic ancestry]
     8 | D        | Reached XP level 9. HP: 85/85 MP: 3/25
     8 | D        | Gained mutation: You are partially covered in iridescent
                  | scales. (AC +2) [demonic ancestry]
     8 | D        | Reached XP level 10. HP: 92/92 MP: 3/26
     8 | D        | Gained mutation: You sometimes gain power by taking damage.
                  | [demonic ancestry]
     8 | D        | Reached XP level 11. HP: 98/98 MP: 3/27
     8 | D        | Gained mutation: You have a pair of antennae on your head.
                  | [demonic ancestry]
     8 | D        | Reached XP level 12. HP: 105/105 MP: 3/28
     8 | D        | Gained mutation: You are powered by pain. [demonic
                  | ancestry]
     8 | D        | Reached XP level 13. HP: 111/111 MP: 3/29
     9 | D        | Killed a meat berserker
     9 | D        | Reached * piety under Makhleb
     9 | D        | Reached skill level 15 in Fighting
     9 | D        | Reached skill level 14 in Axes
     9 | D        | Reached skill level 14 in Throwing
     9 | D        | Reached skill level 14 in Armour
     9 | D        | Reached skill level 14 in Dodging
     9 | D        | Reached skill level 14 in Unarmed Combat
     9 | D        | Reached skill level 14 in Spellcasting
     9 | D        | Gained mutation: You are immune to freezing clouds.
                  | [demonic ancestry]
     9 | D        | Reached XP level 14. HP: 95/123 MP: 3/32
     9 | D        | Killed a bag of meat
     9 | D        | Reached skill level 16 in Fighting
     9 | D        | Reached skill level 15 in Axes
     9 | D        | Reached skill level 15 in Throwing
     9 | D        | Reached skill level 15 in Dodging
     9 | D        | Reached skill level 15 in Spellcasting
     9 | D        | Killed a bag of meat
     9 | D        | Reached skill level 15 in Armour
     9 | D        | Reached skill level 15 in Unarmed Combat
     9 | D        | Reached XP level 15. HP: 103/133 MP: 3/34
     9 | D        | Noticed a meat berserker
     9 | D        | Noticed a meat berserker
    10 | D        | Noticed a meat berserker
    10 | D        | Noticed a meat berserker
    10 | D        | Noticed a meat berserker
    11 | D        | Noticed a meat berserker
    12 | D        | Reached ** piety under Makhleb
    12 | D        | Reached skill level 17 in Fighting
    12 | D        | Reached skill level 16 in Axes
    12 | D        | Reached skill level 16 in Throwing
    12 | D        | Reached skill level 16 in Armour
    12 | D        | Reached skill level 16 in Dodging
    12 | D        | Reached skill level 16 in Unarmed Combat
    12 | D        | Reached skill level 16 in Spellcasting
    12 | D        | Reached skill level 18 in Fighting
    12 | D        | Killed a meat berserker
    12 | D        | Reached skill level 19 in Fighting
    12 | D        | Reached skill level 18 in Axes
    12 | D        | Reached skill level 18 in Throwing
    12 | D        | Reached skill level 18 in Armour
    12 | D        | Reached skill level 18 in Dodging
    12 | D        | Reached skill level 17 in Unarmed Combat
    12 | D        | Reached skill level 18 in Spellcasting
    12 | D        | Gained mutation: You are mostly covered in iridescent
                  | scales. (AC +4) [demonic ancestry]
    12 | D        | Reached XP level 16. HP: 147/147 MP: 4/38
    12 | D        | Noticed a meat berserker
    13 | D        | Killed a meat berserker
    13 | D        | Reached *** piety under Makhleb
    13 | D        | Reached skill level 20 in Fighting
    13 | D        | Reached skill level 19 in Axes
    13 | D        | Reached skill level 19 in Throwing
    13 | D        | Reached skill level 19 in Armour
    13 | D        | Reached skill level 19 in Dodging
    13 | D        | Reached skill level 19 in Unarmed Combat
    13 | D        | Reached skill level 19 in Spellcasting
    13 | D        | Reached XP level 17. HP: 156/156 MP: 4/40
    14 | D        | Noticed a meat berserker
    15 | D        | Killed a meat berserker
    15 | D        | Reached skill level 21 in Fighting
    15 | D        | Reached skill level 20 in Axes
    15 | D        | Reached skill level 20 in Throwing
    15 | D        | Reached skill level 20 in Armour
    15 | D        | Reached skill level 20 in Dodging
    15 | D        | Reached skill level 20 in Spellcasting
    15 | D        | Killed a meat berserker
    15 | D        | Reached skill level 22 in Fighting
    15 | D        | Reached skill level 20 in Unarmed Combat
    15 | D        | Gained mutation: You resist negative energy. (rN+) [demonic
                  | ancestry]
    15 | D        | Reached XP level 18. HP: 169/169 MP: 5/42
    15 | D        | Killed a meat berserker
    15 | D        | Reached **** piety under Makhleb
    15 | D        | Reached skill level 23 in Fighting
    15 | D        | Reached skill level 21 in Axes
    15 | D        | Reached skill level 21 in Throwing
    15 | D        | Reached skill level 21 in Armour
    15 | D        | Reached skill level 21 in Dodging
    15 | D        | Reached skill level 21 in Unarmed Combat
    15 | D        | Reached skill level 21 in Spellcasting
    15 | D        | Noticed a meat berserker
    16 | D        | Killed a meat berserker
    16 | D        | Reached skill level 24 in Fighting
    16 | D        | Reached skill level 22 in Axes
    16 | D        | Reached skill level 22 in Throwing
    16 | D        | Reached skill level 22 in Armour
    16 | D        | Reached skill level 22 in Dodging
    16 | D        | Reached skill level 22 in Unarmed Combat
    16 | D        | Reached skill level 22 in Spellcasting
    16 | D        | Gained mutation: You have a pair of large antennae on your
                  | head. (SInv) [demonic ancestry]
    16 | D        | Reached XP level 19. HP: 180/180 MP: 5/45
    16 | D        | Reached skill level 23 in Axes
    16 | D        | Reached skill level 23 in Throwing
    16 | D        | Reached skill level 23 in Armour
    16 | D        | Reached skill level 23 in Dodging
    16 | D        | Reached skill level 23 in Unarmed Combat
    16 | D        | Reached skill level 23 in Spellcasting
    16 | D        | Noticed a destroyer
    17 | D        | Killed a meat berserker
    17 | D        | Reached ***** piety under Makhleb
    17 | D        | Reached skill level 25 in Fighting
    17 | D        | Killed a meat berserker
    17 | D        | Reached skill level 26 in Fighting
    17 | D        | Reached skill level 24 in Axes
    17 | D        | Reached skill level 24 in Throwing
    17 | D        | Reached skill level 24 in Armour
    17 | D        | Reached skill level 24 in Dodging
    17 | D        | Reached skill level 24 in Unarmed Combat
    17 | D        | Reached skill level 24 in Spellcasting
    17 | D        | Gained mutation: You are somewhat able to resist unholy
                  | torments (1 in 2 success). [demonic ancestry]
    17 | D        | Reached XP level 20. HP: 194/194 MP: 5/48
    18 | D        | Noticed a meat berserker
    18 | D        | Noticed a meat berserker
    18 | D        | Noticed a meat berserker
    19 | D        | Killed a meat berserker
    19 | D        | Reached skill level 25 in Axes
    19 | D        | Reached skill level 25 in Throwing
    19 | D        | Reached skill level 25 in Armour
    19 | D        | Reached skill level 25 in Dodging
    19 | D        | Reached skill level 25 in Unarmed Combat
    19 | D        | Reached skill level 25 in Spellcasting
    19 | D        | Reached skill level 27 in Fighting
    19 | D        | Reached skill level 26 in Axes
    19 | D        | Reached skill level 26 in Throwing
    19 | D        | Reached skill level 26 in Armour
    19 | D        | Reached skill level 26 in Dodging
    19 | D        | Reached skill level 26 in Unarmed Combat
    19 | D        | Reached skill level 26 in Spellcasting
    19 | D        | Gained mutation: A meltable icy envelope protects you from
                  | harm. (AC +0) [demonic ancestry]
    19 | D        | Reached XP level 21. HP: 204/204 MP: 6/51
    19 | D        | Noticed a large bag of meat
    20 | D        | Reached ****** piety under Makhleb
    20 | D        | Reached skill level 27 in Axes
    20 | D        | Reached skill level 27 in Throwing
    20 | D        | Reached skill level 27 in Armour
    20 | D        | Reached skill level 27 in Dodging
    20 | D        | Reached skill level 27 in Unarmed Combat
    20 | D        | Reached skill level 27 in Spellcasting
    20 | D        | Reached skill level 8 in Stealth
    20 | D        | Reached skill level 10 in Invocations
    20 | D        | Reached skill level 13 in Stealth
    20 | D        | Reached skill level 16 in Invocations
    21 | D        | Reached skill level 16 in Stealth
    21 | D        | Reached skill level 20 in Invocations
    22 | D        | Noticed a large bag of meat
    23 | D        | Reached skill level 20 in Stealth
    23 | D        | Reached skill level 25 in Invocations
    23 | D        | Reached XP level 22. HP: 212/212 MP: 28/53
    23 | D        | Reached skill level 22 in Stealth
    23 | D        | Reached skill level 27 in Invocations
    23 | D        | Reached skill level 27 in Stealth
    23 | D        | Noticed a large bag of meat
    25 | D        | Reached XP level 23. HP: 219/219 MP: 28/54
    26 | D        | Noticed a destroyer
    26 | D        | Noticed a destroyer
    27 | D        | Killed a large bag of meat
    28 | D        | Reached XP level 24. HP: 227/227 MP: 54/54
    29 | D        | Killed a destroyer
    29 | D        | Noticed a large bag of meat
    30 | D        | Noticed a large bag of meat
    32 | D        | Killed a destroyer
    32 | D        | Gained mutation: You are completely covered in iridescent
                  | scales. (AC +6) [demonic ancestry]
    32 | D        | Reached XP level 25. HP: 234/234 MP: 54/54
    32 | D        | Killed a destroyer
    33 | D        | Killed a large bag of meat
    33 | D        | Reached XP level 26. HP: 242/242 MP: 54/54
    33 | D        | Noticed a destroyer
    33 | D        | Noticed a destroyer
    35 | D        | Killed a large bag of meat
    37 | D        | Killed a destroyer
    37 | D        | Gained mutation: Your melee attacks may debilitate your
                  | foes. [demonic ancestry]
    37 | D        | Reached XP level 27. HP: 249/249 MP: 54/54
    38 | D        | Killed a large bag of meat
    38 | D        | Noticed a destroyer
    39 | D        | Noticed a destroyer
    41 | D        | Killed a large bag of meat
    42 | D        | Noticed a large bag of meat
    42 | D        | Noticed a destroyer
    43 | D        | Noticed a destroyer
    44 | D        | Killed a destroyer
    44 | D        | Noticed a tyrant
    45 | D        | Killed a destroyer
    46 | D        | Noticed a destroyer
    49 | D        | Noticed a tyrant
    50 | D        | Killed a tyrant
    50 | D        | Noticed a destroyer
    52 | D        | Killed a large bag of meat
    52 | D        | Noticed a tyrant
    53 | D        | Noticed a large bag of meat
    54 | D        | Noticed a tyrant
    54 | D        | Killed a tyrant
    54 | D        | Killed a destroyer
    54 | D        | Killed a destroyer
    54 | D        | Noticed an accursed
    55 | D        | Noticed an accursed
    55 | D        | Noticed a destroyer
    56 | D        | Killed a tyrant
    57 | D        | Killed a destroyer
    58 | D        | Killed a destroyer
    59 | D        | Killed a destroyer
    59 | D        | Killed a tyrant
    59 | D        | Noticed a destroyer
    62 | D        | Killed a large bag of meat
    62 | D        | Noticed a destroyer
    63 | D        | Killed a destroyer
    63 | D        | Noticed a destroyer
    65 | D        | Noticed an accursed
    66 | D        | Killed a destroyer
    66 | D        | Killed a destroyer
    67 | D        | Noticed a large bag of meat
    68 | D        | Killed an accursed
    68 | D        | Killed a destroyer
    69 | D        | Noticed a tyrant
    71 | D        | Noticed a tyrant
    71 | D        | Noticed a meat beast
    73 | D        | Noticed a meat beast
    74 | D        | Killed an accursed
    74 | D        | Noticed a meat beast
    76 | D        | Killed a meat beast
    77 | D        | Noticed a meat beast
    79 | D        | Killed a large bag of meat
    79 | D        | Killed a meat beast
    80 | D        | Killed a meat beast
    81 | D        | Noticed a dread
    82 | D        | Killed a meat beast
    85 | D        | Noticed a meat beast
    86 | D        | Killed a tyrant
    89 | D        | Killed an accursed
    89 | D        | Noticed a tyrant
    90 | D        | Killed a tyrant
    90 | D        | Killed a meat beast
    90 | D        | Noticed a large bag of meat
    92 | D        | Killed a dread
    92 | D        | Noticed a meat beast
    92 | D        | Noticed a meat beast
    93 | D        | Noticed a meat beast
    93 | D        | Noticed an accursed
    95 | D        | Noticed an accursed
    96 | D        | Killed an accursed
    96 | D        | Noticed a meat beast
    96 | D        | Noticed a dread
    97 | D        | Killed a meat beast
    97 | D        | Noticed a meat beast
    98 | D        | Noticed a tyrant
    98 | D        | Killed a large bag of meat
    98 | D        | Killed a tyrant
    98 | D        | Killed a meat beast
   100 | D        | Noticed a large bag of meat
   102 | D        | Noticed an accursed
   102 | D        | Noticed an accursed
   102 | D        | Killed a meat beast
   104 | D        | Killed a tyrant
   104 | D        | Killed a meat beast
   105 | D        | Killed a meat beast
   105 | D        | Noticed a tyrant
   107 | D        | HP: 2/249 [dread/damnation (40)]
   107 | D        | Killed from afar by an accursed

Levels and vault maps discovered:
D:        meatsprint

Skill      XL: |  1  2  3  4  5  6  7  8  9 10 11 12 13 14 15 16 17 18 19 20 21 22 |
---------------+-------------------------------------------------------------------+-----
Fighting       | 13 15 16 19 20 22 24 26 27 | 27.0
Axes           | 12 14 15 18 19 20 22 24 26 27 | 27.0
Throwing       | 12 14 15 18 19 20 22 24 26 27 | 27.0
Armour         | 12 14 15 18 19 20 22 24 26 27 | 27.0
Dodging        | 12 14 15 18 19 20 22 24 26 27 | 27.0
Unarmed Combat | 12 14 15 17 19 20 22 24 26 27 | 27.0
Spellcasting   | 12 14 15 18 19 20 22 24 26 27 | 27.0
Stealth        | 20 27 | 27.0
Invocations    | 25 27 | 27.0
Translocations | |  2.6

Action                   |  1- 3 |  4- 6 |  7- 9 | 10-12 | 13-15 | 16-18 | 19-21 | 22-24 | 25-27 || total
-------------------------+-------+-------+-------+-------+-------+-------+-------+-------+-------++-------
Melee: Executioner's axe |     1 |       |       |       |     2 |     3 |     5 |     6 |    61 ||    78
  Use: Potion            |       |       |       |       |       |       |       |       |     1 ||     1
Armor: Leather armour    |       |       |       |       |       |       |     1 |       |     6 ||     7
Dodge: Dodged            |       |       |       |       |     1 |     1 |       |     1 |    15 ||    18

Table legend:
 A = Non-vault XP
 B = Vault XP
 C = Vault XP percentage of total XP
 D = Non-vault monster count
 E = Vault monster count
 F = Vault count percentage of total count
                 A         B        C        D         E       F
            +---------+---------+-------+---------+---------+-------
      Total | 4249152 | 1714311 |  28.7 |     110 |      82 |  42.7
            +---------+---------+-------+---------+---------+-------
          D | 4249152 | 1714311 |  28.7 |     110 |      82 |  42.7
            +---------+---------+-------+---------+---------+-------
